 Dungeon Crawl Stone Soup version 0.17.0-24-gcfadda4 (console) character file.

21 gw the Shooter (level 3, 0/27 HPs)
             Began as a Human Hunter on Nov 17, 2015.
             Succumbed to a kobold's poison
             ... on level 1 of the Dungeon.
             The game lasted 00:00:39 (903 turns).

gw the Shooter (Human Hunter)                        Turns: 903, Time: 00:00:39

Health: 0/27       AC:  3    Str: 12    XL:     3   Next: 5%
Magic:  3/3        EV: 12    Int: 11    God:
Gold:   37         SH:  0    Dex: 14    Spells: 0 memorised, 2 levels left

rFire  . . .     SeeInvis .     c - +0 short sword
rCold  . . .     Clarity  .     d - +0 leather armour
rNeg   . . .     SustAt   .     (no shield)
rPois  .         Gourm    .     (no helmet)
rElec  .         Spirit   .     (no cloak)
rCorr  .         Warding  .     (no gloves)
rMut   .         Stasis   .     (no boots)
MR     .....                    (no amulet)
Stlth  +.........               (no ring)
                                (no ring)

@: lethally poisoned (0 -> -6), not resistant to hostile enchantments, very
unstealthy
A: no striking features
a: no special abilities


You were on level 1 of the Dungeon.
You were not hungry.

You visited 1 branch of the dungeon, and saw 1 of its levels.

You collected 37 gold pieces.

Inventory:

Hand Weapons
 a - a +1 shortbow
 c - a +0 short sword (weapon)
Missiles
 b - 18 arrows
Armour
 d - a +0 leather armour (worn)
Scrolls
 g - a scroll of random uselessness {unknown}
 i - a scroll of blinking {unknown}
 j - a scroll of enchant weapon {unknown}
Comestibles
 e - a bread ration
 f - a royal jelly
 h - a meat ration


   Skills:
 + Level 2.2 Fighting
 * Level 4.6 Bows
 + Level 0.6 Armour
 - Level 2.0 Dodging
 - Level 1.0 Stealth


You had 2 spell levels left.
You didn't know any spells.

Dungeon Overview and Level Annotations

Branches:
Dungeon (1/15)

Altars:


Message History

You feel sick.
MOVING TO (1,-3)
You feel sick.
MOVING TO (1,-2)
You feel sick.
MOVING TO (0,-1)
You feel sick.
ATTACKING (0,-1)
You swing at nothing.
You feel sick.
ATTACKING (0,1)
You swing at nothing.
ATTACKING (0,-1)
You swing at nothing.
You feel sick.
ATTACKING (0,-1)
You swing at nothing.
You feel sick.
ATTACKING (0,-1)
You swing at nothing.
ATTACKING (0,1)
You swing at nothing.
You die...

#.# #.#....# #8>8# #.
#.# #.##'### ##.## ##
#.# #.##.# #.#
#.###.##.# #.#
#........# #.#
#.....#..#######.#######
##.#.....#.............#
#.#..#.########.#######
# #.##.#p# #.# # ..
#....#.# #.# ##
#.##.(...# #.# #.
#.....(..# #<# #.
#...#....####### ### #.
#...#..(........ #. #..
###......... #. #.
#.)....... #. #.........
#.


There were no monsters in sight!

Table legend:
 A = Turns spent in this place as a percentage of turns spent in the entire game.
 B = Non-inter-level travel turns spent in this place as a percentage of non-inter-level travel turns spent in the entire game.
 C = Inter-level travel turns spent in this place as a percentage of turns spent in this place.
 D = Turns resting spent in this place as a percentage of non-inter-level travel turns spent in this place.
 E = Turns spent auto-exploring this place as a percentage of non-inter-level travel turns spent in this place.
 F = Non-inter-level travel turns spent in this place divided by the number of levels of this place that you've seen.
                   A       B       C       D       E      F
               +-------+-------+-------+-------+-------+----------------------
         Total | 100.0 | 100.0 |   0.0 |   1.3 |   2.4 | 958.0
       Dungeon | 100.0 | 100.0 |   0.0 |   1.3 |   2.4 | 958.0
               +-------+-------+-------+-------+-------+----------------------

Table legend:
 A = Kills in this place as a percentage of kills in entire the game.
 B = Kills by you in this place as a percentage of kills by you in the entire game.
 C = Kills by friends in this place as a percentage of kills by friends in the entire game.
 D = Other kills in this place as a percentage of other kills in the entire game.
 E = Experience gained in this place as a percentage of experience gained in the entire game.
 F = Experience gained in this place divided by the number of levels of this place that you have seen.
                   A       B       C       D       E      F
               +-------+-------+-------+-------+-------+----------------------
         Total | 100.0 | 100.0 |  -nan |  -nan | 100.0 |  31.0
       Dungeon | 100.0 | 100.0 |  -nan |  -nan | 100.0 |  31.0
               +-------+-------+-------+-------+-------+----------------------

Vanquished Creatures
  2 oozes (D:1)
  A giant cockroach (D:1)
  2 goblins (D:1)
  2 hobgoblins (D:1)
  A ball python (D:1)
  2 bats (D:1)
  A giant newt (D:1)
  2 kobolds (D:1)
  A rat (D:1)
14 creatures vanquished.

Notes
Turn   | Place    | Note
--------------------------------------------------------------
     0 | D:1      | gw the Human Hunter began the quest for the Orb.
     0 | D:1      | Reached XP level 1. HP: 16/16 MP: 1/1
   547 | D:1      | Reached XP level 2. HP: 22/22 MP: 2/2
   886 | D:1      | Reached XP level 3. HP: 15/27 MP: 3/3
   901 | D:1      | HP: 1/27 [poisoned by a kobold]
   903 | D:1      | Succumbed to a kobold's poison

Action                   || total
-------------------------++-------
Melee: Short sword       ||    35
 Fire: Shortbow          ||    17

Vault maps used:
D:1:      lemuel_arrival_cross, roderic_curled_sauvastika,
          hangedman_decor_clover_reticule, minmay_misc_feat_ornament
